cohdb
Replays
Latest Replays
All Replays
Popular Replays
Top Player Replays
Match Explorer
How It Works
Community
CoH3 Stats
Reddit
Sign in to upload your games and track your stats! →
Sign in with Steam
Match 42424563
Unlisted
Match 42424563
Overview
Messages
Build Orders
End
Selects Italian Combined Arms Battlegroup
Selects Bersaglieri Squad
Bersaglieri Squad
250 Light Carrier
Bersaglieri Squad
Construct Light Support Kompanie
Bersaglieri Squad
Bersaglieri Squad
Fire Support Elements
Construct Panzerarmee Kommand
Pak 38 Mechanized Group
Selects Semovente da 75/18 Assault Gun
Semovente da 75/18 Assault Gun
Selects Bersaglieri Bolster
Selects Breda Model 30 Light Machine Guns
Selects Carro Armato M13/40 Light Tank
Vehicle Survival Package
Veteran Squad Leaders
Armored Reserves
lnsidetheFire
Паинтер
Sky Lukewalker
king_uzzi
RaySau
whysoserious
SpudBoy
gUi
0
0
Comments
sign in to comment!
No comments posted yet!